 Dungeon Crawl Stone Soup version 0.30-a0-373-gd37427bb62 (webtiles) character file.

Game seed: 2580433506200800669

525 Bnni the Poker (level 7, -1/56 HPs)
             Began as a Formicid Fighter on Nov 24, 2022.
             Was an Initiate of Yredelemnul.
             Slain by Prince Ribbit (2 damage)
             ... on level 5 of the Dungeon.
             The game lasted 00:04:13 (3381 turns).

Bnni the Poker (Formicid Fighter)                   Turns: 3381, Time: 00:04:13

Health: -1/56      AC:  9    Str: 23    XL:     7   Next: 47%
Magic:  7/7        EV:  7    Int:  7    God:    Yredelemnul [......]
Gold:   187        SH:  5    Dex: 13    Spells: 6/6 levels left

rFire   . . .      SeeInvis +    m - +0 scythe
rCold   . . .      Faith    .    c - +0 buckler
rNeg    . . .      Spirit   .    o - +0 chain mail
rPois   .          Reflect  .    (helmet unavailable)
rElec   .          Harm     .    (no cloak)
rCorr   .          Rampage  .    (no gloves)
Will    .....                    (no boots)
Stlth   ..........               (no amulet)
HPRegen 0.29/turn                (no ring)
MPRegen 0.10/turn                (no ring)

@: no status effects
A: permanent stasis, dig shafts and tunnels, antennae 3, four strong arms
a: Dig, Shaft Self, Renounce Religion, Recall Undead Harvest


You were on level 5 of the Dungeon.
You worshipped Yredelemnul.
Yredelemnul was noncommittal.
You visited 1 branch of the dungeon, and saw 5 of its levels.

You collected 187 gold pieces.

Inventory:

Hand Weapons
 a - a +0 trident
 m - a +0 scythe (weapon)
Missiles
 d - 2 poisoned darts (quivered)
 j - 6 silver boomerangs
Armour
 c - a +0 buckler (worn)
 o - a +0 chain mail (worn)
Jewellery
 e - a ring of resist corrosion
Scrolls
 f - a scroll of teleportation {unknown}
 k - a scroll of poison
 l - 3 scrolls of enchant armour {unknown}
 n - a scroll of immolation
 p - a scroll of vulnerability
 q - a scroll of magic mapping {unknown}
 r - a scroll of torment {unknown}
Potions
 b - a potion of curing {unknown}
 g - 3 potions of brilliance
 h - a potion of lignification {unknown}
 i - a potion of resistance


   Skills:
 + Level 5.5 Fighting
 * Level 6.1 Polearms
 - Level 3.2 Armour
 - Level 5.0 Shields


You had 6 spell levels left.
You didn't know any spells.
Your spell library contained the following spells:

 Spells                   Type           Power      Damage    Failure   Level
 Sandblast                Erth           0%         2d4       99%         1
 Momentum Strike          Conj/Tloc      0%         3d8       100%        2
 Passwall                 Tmut/Erth      0%         N/A       100%        2
 Dazzling Flash           Conj/Hex       0%         N/A       100%        3
 Lesser Beckoning         Tloc           0%         N/A       100%        3
 Stone Arrow              Conj/Erth      0%         3d7       100%        3
 Agony                    Necr           0%         N/A       100%        5
 Silence                  Hex/Air        0%         N/A       100%        5
 Blink                    Tloc           Unusable   N/A       N/A         2

Dungeon Overview and Level Annotations

Branches:
Dungeon (5/15)
 Temple: D:4-7

Altars:
Ashenzari
Gozag
Kikubaaqudgha
Nemelex Xobeh
Ru
Wu Jian
Yredelemnul

Annotations:
D:5 Prince Ribbit


Innate Abilities, Weirdness & Mutations

You cannot be hasted, slowed, berserked, paralysed or teleported.
You can dig through walls and to a lower floor.
You have a pair of large antennae on your head. (SInv)
Your four strong arms can wield two-handed weapons with a shield.


Message History

Unknown command.
Throw: 5 darts (poison)
Press: ? - help, Q - select action, (/) - cycle Shift-Dir - straight line, f/p - Prince Ribbit
Aim: Prince Ribbit (36% to hit)
You throw a poisoned dart.
The poisoned dart closely misses Prince Ribbit.
Prince Ribbit hits you but does no damage.
You barely miss Prince Ribbit. Prince Ribbit hits you.
You block Prince Ribbit's attack.
You barely miss Prince Ribbit. Prince Ribbit hits you. Prince Ribbit hits you!
You barely miss Prince Ribbit. Prince Ribbit hits you!
You are too injured to fight recklessly!
Okay, then.
Throw: 4 darts (poison)
Press: ? - help, Q - select action, (/) - cycle Shift-Dir - straight line, f/p - Prince Ribbit
Aim: Prince Ribbit (36% to hit)
You throw a poisoned dart. The poisoned dart hits Prince Ribbit.
Prince Ribbit is poisoned.
Prince Ribbit hits you! x2
* * * LOW HITPOINT WARNING * * *
Throw: 3 darts (poison)
Press: ? - help, Q - select action, (/) - cycle Shift-Dir - straight line, f/p - Prince Ribbit
Aim: Prince Ribbit (lightly wounded, poisoned, 36% to hit)
You throw a poisoned dart.
The poisoned dart completely misses Prince Ribbit.
Prince Ribbit hits you.
* * * LOW HITPOINT WARNING * * *
Really read the scroll of poison? [Y]es or [N]o only, please.
Really read the scroll of poison?
The air fills with toxic fumes!
As you read the scroll of poison, it crumbles to dust.
Prince Ribbit barely misses you.
You slash Prince Ribbit!
Prince Ribbit is moderately wounded.
Prince Ribbit hits you.
* * * LOW HITPOINT WARNING * * *
Prince Ribbit hits you.
You die...
Your body rises from the dead as a mindless zombie.

#§# §§ ## §§# §#
##§### §##§§§§§
§§§§§#
.##########§F§#
....§§§§§§§@§§####
##..§§§§§§§§§§§§§§§
#.######§§§§§#§§§§
#####§# ### §§.
####


You could see Prince Ribbit (poisoned).

Vanquished Creatures
  Sigmund (D:2)
  A scorpion (D:4)
  2 hounds
  3 iguanas
  2 orc wizards (D:4)
  3 adders
  2 worms
  4 orcs
  10 ball pythons
  3 bats
  10 endoplasms
  3 giant cockroaches (D:1)
  8 goblins
  4 hobgoblins
  7 jackals
  5 kobolds
  3 quokkas
  4 frilled lizards (D:1)
  4 rats
79 creatures vanquished.

Vanquished Creatures (collateral kills)
  2 orcs (D:4)
  An endoplasm (D:4)
  A ball python (D:4)
4 creatures vanquished.

Vanquished Creatures (others)
  A jackal zombie (D:4)
  4 toadstools (D:1)
5 creatures vanquished.

Grand Total: 88 creatures vanquished

Notes
Turn   | Place    | Note
-------+----------+-------------------------------------------
     0 | D:1      | Bnni the Formicid Fighter began the quest for the Orb.
     0 | D:1      | Reached XP level 1. HP: 18/18 MP: 1/1
    91 | D:1      | Reached XP level 2. HP: 22/24 MP: 2/2
   407 | D:1      | Reached XP level 3. HP: 29/29 MP: 3/3
   886 | D:2      | Noticed Sigmund
   900 | D:2      | Killed Sigmund
   901 | D:2      | Reached skill level 4 in Polearms
   901 | D:2      | Reached skill level 5 in Shields
   901 | D:2      | Reached XP level 4. HP: 5/38 MP: 4/4
   901 | D:2      | Reached XP level 5. HP: 6/43 MP: 5/5
   901 | D:2      | Reached XP level 6. HP: 7/49 MP: 6/6
  1775 | D:3      | Found a faded altar of an unknown god.
  1861 | D:3      | Reached skill level 5 in Polearms
  2045 | D:3      | Found an ancient bone altar of Kikubaaqudgha.
  2341 | D:4      | Found a sacrificial altar of Ru.
  2345 | D:4      | Found a sparkling altar of Nemelex Xobeh.
  2346 | D:4      | Found a basalt altar of Yredelemnul.
  2346 | D:4      | Found an opulent altar of Gozag.
  2347 | D:4      | Found a broken altar of Ashenzari.
  2352 | D:4      | Became a worshipper of Yredelemnul the Dark
  2412 | D:4      | Reached skill level 5 in Fighting
  2544 | D:4      | Reached * piety under Yredelemnul
  2545 | D:4      | Reached XP level 7. HP: 53/56 MP: 7/7
  2600 | D:4      | Reached ** piety under Yredelemnul
  2739 | D:4      | Found an ornate altar of the Wu Jian Council.
  3052 | D:4      | Reached skill level 6 in Polearms
  3366 | D:5      | Entered Level 5 of the Dungeon
  3368 | D:5      | Noticed Prince Ribbit
  3381 | D:5      | HP: 1/56 [Prince Ribbit (3)]
  3381 | D:5      | Slain by Prince Ribbit

Illustrated notes

Levels and vault maps discovered:
D:1:      ldierk_walled_garden_2, layout_loops_cross, st_stairs_10,
          grunt_decor_mini_mirrors
D:2:      layout_loops_corners, hangedman_decor_diamond_cutter, uniq_sigmund
D:3:      layout_rooms, kiku_gazebo_pond_becter,
          hellmonk_ecumenical_altar_run_dry, hangedman_decor_push
D:4:      layout_basic, mainiacjoe_overflow_paths, grunt_temple_overflow_open,
          minmay_cupped
D:5:      layout_rooms, nicolae_elyvilon_peaceful_grove, uniq_prince_ribbit1,
          uniq_menkaure

Skill      XL: |  1  2  3  4  5  6  7 |
---------------+----------------------+-----
Fighting       | 4 5 |  5.5
Polearms       | 4 5 6 |  6.1
Shields        | 5 |  5.0
Armour         | |  3.2

Action                   |  1- 3 |  4- 6 |  7- 9 || total
-------------------------+-------+-------+-------++-------
Melee: Trident           |    82 |       |       ||    82
       Halberd           |       |   107 |    75 ||   182
Throw: Dart              |       |       |     6 ||     6
  Use: Potion            |     1 |       |       ||     1
       Scroll            |       |     6 |     2 ||     8
Armor: Scale mail        |    19 |     4 |       ||    23
       Chain mail        |       |    41 |    36 ||    77
Dodge: Dodged            |    39 |    42 |    23 ||   104
Block: Buckler           |    12 |    23 |    11 ||    46

Table legend: (Time is in decaauts)
 A = Elapsed time spent in this place.
 B = Non-inter-level travel time spent in this place.
 C = Inter-level travel time spent in this place.
 D = Time resting spent in this place.
 E = Time spent auto-exploring this place.
 F = Levels seen in this place.
 G = Mean time per level.
                   A        B        C        D        E       F      G
               +--------+--------+--------+--------+--------+-----+--------+
         Total |   3444 |   3342 |    102 |      0 |   2710 |   5 |  688.8 |
       Dungeon |   3444 |   3342 |    102 |      0 |   2710 |   5 |  688.8 |
               +--------+--------+--------+--------+--------+-----+--------+

Top non-repeatable levels by time:
     D:4: 1125 daAuts
     D:2: 1026 daAuts
     D:1: 752 daAuts
     D:3: 524 daAuts
     D:5: 15 daAuts
